 Dungeon Crawl Stone Soup version 0.16-a0-4127-g24fbb24 (webtiles) character file.

5 timbw the Caller (level 1, 0/7 HPs)
             Began as a Felid Summoner on Mar 3, 2015.
             Slain by an adder (3 damage)
             ... on level 2 of the Dungeon.
             The game lasted 00:02:04 (315 turns).

timbw the Caller (Felid Summoner)                    Turns: 315, Time: 00:02:04

Health: 0/7        AC:  1    Str:  4    XL:     1   Next: 66%
Magic:  0/4        EV: 18    Int: 16    God:
Gold:   22         SH:  0    Dex: 16    Spells: 1 memorised, 3 levels left
                                        Lives:  0   Deaths: 0

rFire  . . .     SeeInvis +     (weapon unavailable)
rCold  . . .     Clarity  .     (armour unavailable)
rNeg   . . .     SustAb   .     (shield unavailable)
rPois  .         Gourm    .     (helmet unavailable)
rElec  .         Spirit   .     (cloak unavailable)
rCorr  .         Warding  .     (gloves unavailable)
rMut   .         Stasis   .     (boots unavailable)
MR     .....                    (no amulet)
Stlth  +++.......               (no ring)
                                (no ring)

@: very slightly contaminated, hasted, very quick, not resistant to hostile
enchantments, fairly stealthy
A: paw claws, no armour, no weapons or thrown items, fangs 3, see invisible,
carnivore 3, speed 1, shaggy fur 1, slow metabolism 1, sharp paws
a: no special abilities


You were on level 2 of the Dungeon.
You were full.

You visited 1 branch of the dungeon, and saw 3 of its levels.

You collected 22 gold pieces.

Inventory:

Scrolls
 a - a scroll of enchant weapon {unknown}
 d - a scroll of identify {unknown}
 f - a scroll of recharging {unknown}
 g - a scroll of enchant armour {unknown}
 i - a scroll of remove curse {unknown}
Potions
 e - a potion of haste
 h - a potion of invisibility {unknown}
 j - a potion of brilliance {unknown}
Books
 b - a book of Callings

   Spells                             Type                      Level
   a - Summon Small Mammal            Summoning                    1
   b - Call Imp                       Summoning                    2
   c - Call Canine Familiar           Summoning                    3
   d - Summon Guardian Golem          Hexes/Summoning              4
   e - Summon Lightning Spire         Summoning/Air                4
   f - Summon Ice Beast               Ice/Summoning                4
Comestibles
 c - a meat ration


   Skills:
 - Level 2.6 Dodging
 - Level 2.6 Stealth
 - Level 2.0 Spellcasting
 + Level 4.3 Summonings


You had 3 spell levels left.
You knew the following spells:

 Your Spells              Type           Power        Failure   Level  Hunger
a - Summon Small Mammal   Summ           ###.         4%          1    #......


Dungeon Overview and Level Annotations

Branches:
Dungeon (3/15)

Altars:
Cheibriados


Innate Abilities, Weirdness & Mutations

You cannot wear armour.
You are incapable of wielding weapons or throwing items.
You have razor-sharp teeth.
You have supernaturally acute eyesight.
You are carnivorous and can eat meat at any time.
You cover ground quickly.
You are covered in fur (AC +1).
You have a slow metabolism.
Your paws have sharp claws that are effective at stabbing.


Message History

Aim: an adder (almost dead) Attack!
The adder bites your rat.
Your rat dies!
Your rat's corpse disappears in a puff of smoke!
Drink which item? (? for menu, Esc to quit)
It was a potion of haste.
You feel yourself speed up. The adder misses you.
You are very lightly contaminated with residual magic.
You barely miss the adder.
The adder is almost dead.
You barely miss the adder.
The adder is almost dead.
The adder bites you.
You closely miss the adder.
The adder is almost dead.
The adder closely misses you.
You closely miss the adder.
The adder is almost dead.
The adder bites you.
You die...

## # .## .# ### ..#
..##.## #.#
#.[...## #.#
##ยง....###.#######
#.......##..>..S@#
##...............#
##...#####......#
##.## #......# ###
#......# ########


You could see an adder.

Vanquished Creatures
  A rat (D:1)
1 creature vanquished.

Vanquished Creatures (collateral kills)
  2 bats (D:3)
  2 goblins (D:1)
  2 kobolds
6 creatures vanquished.

Vanquished Creatures (others)
  3 bats (D:2)
  A quokka (D:2)
  3 rats
7 creatures vanquished.

Grand Total: 14 creatures vanquished

Notes
Turn   | Place    | Note
--------------------------------------------------------------
     0 | D:1      | timbw, the Felid Summoner, began the quest for the Orb.
     0 | D:1      | Reached XP level 1. HP: 7/7 MP: 4/4
    28 | D:1      | Found a snail-covered altar of Cheibriados.
   315 | D:2      | Slain by an adder

Action                   || total
-------------------------++-------
Melee: Unarmed           ||    11
 Cast: Summon Small Mamm ||    14
  Use: Potion            ||     1
 Stab: Sleeping          ||     1
  Eat: Chunk             ||     3
